 Dungeon Crawl Stone Soup version 0.23.0 (webtiles) character file.

Game seed: 1751648559186362410

98 Asgardus the Conjurer (level 4, -2/24 HPs)
             Began as a Deep Elf Conjurer on Feb 9, 2019.
             Killed by divine providence
             ... invoked by an orc priest
              (14 damage)
             ... on level 3 of the Dungeon.
             The game lasted 00:28:44 (2177 turns).

Asgardus the Conjurer (Deep Elf Conjurer)           Turns: 2177, Time: 00:28:45

Health: -2/24      AC:  4    Str:  6      XL:     4   Next: 44%
Magic:  5/12       EV: 13    Int: 18 (20) God:
Gold:   126        SH:  0    Dex: 13 (15) Spells: 8/11 levels left

rFire    . . .     SeeInvis .   b - +0 club
rCold    . . .     Gourm    .   (no shield)
rNeg     . . .     Faith    .   a - +0 robe
rPois    .         Spirit   .   (no helmet)
rElec    .         Reflect  .   i - +1 cloak
rCorr    .         Harm     .   (no gloves)
MR       .....                  (no boots)
Stlth    ++........             (no amulet)
HPRegen  0.08/turn              e - ring of flight
MPRegen  0.13/turn              (no ring)

@: no status effects
A: no striking features
a: Evoke Flight


You were on level 3 of the Dungeon.
You were not hungry.

You visited 1 branch of the dungeon, and saw 3 of its levels.

You collected 126 gold pieces.

Inventory:

Hand Weapons
 b - a +0 club (weapon)
Missiles
 j - 12 poisoned needles (quivered)
Armour
 a - a +0 robe (worn)
 i - a +1 cloak (worn)
Jewellery
 e - a ring of flight (left hand)
Scrolls
 f - 3 scrolls of teleportation
 g - a scroll of enchant armour
 h - 2 scrolls of remove curse
 k - a scroll of fog
Comestibles
 c - 5 rations


   Skills:
 - Level 0.4 Maces & Flails
 - Level 2.4 Dodging
 - Level 2.4 Stealth
 + Level 4.4 Spellcasting
 + Level 5.7 Conjurations


You had 8 spell levels left.
You knew the following spells:

 Your Spells              Type           Power        Failure   Level  Hunger
a - Magic Dart            Conj           ###.         1%          1    None
b - Searing Ray           Conj           ###...       1%          2    ##.....

Your spell library contained the following spells:

 Spells                   Type           Power        Failure   Level  Hunger
 Dazzling Spray           Conj/Hex       ##....       13%         3    ###....
 Iskenderun's Mystic Bla  Conj           ###.....     13%         4    ####...
 Force Lance              Conj/Tloc      ##......     41%         4    ####...
 Fulminant Prism          Conj/Hex       ##........   41%         4    ####...


Dungeon Overview and Level Annotations

Branches:
Dungeon (3/15)

Altars:
Ashenzari
Hepliaklqana
Kikubaaqudgha
Okawaru
Ru

Annotations:
D:3 1 runed translucent door, Peloso's ghost, amateur MiFi


Message History

Press: ? - help, Shift-Dir - straight line, f/p - orc
Aim: an orc, wielding a +0 short sword and wearing a +0 scale mail The magic dart hits the orc.
The orc is lightly wounded.
The orc hits you with a +0 short sword.
An adder comes into view.
Casting: Magic Dart (safe; 1% risk of failure)
Confirm with . or Enter, or press ? or * to list all spells.
Aiming: Magic Dart (safe; 1% risk of failure)
Press: ? - help, Shift-Dir - straight line, f/p - orc
Aim: an orc, wielding a +0 short sword and wearing a +0 scale mail (lightly wounded)
The magic dart hits the orc.
The orc is moderately wounded.
The orc priest calls upon Beogh to heal the orc.
The orc's wounds heal themselves!
All of the chunks of flesh in your inventory have rotted away.
The orc priest invokes the aid of Beogh against you.
Beogh smites you!
Ouch! That really hurt!
You die...

#.#.....#.#..###§##
#..........>....§#.
###.............§#†
####.###.......§§.
#..o.##........#..
#.##..............
#.##.##..#.#.#.#.#
#.##...........#.#
##.#@#####..#...#..##
#....o..o.########...
##.######.#≈[WF≈S+.##
#..#.....########.#
.....###)#####.#..##
...........#..>......
.S.............#......
###
###.......o.##.....
#.........##.#..#


You could see an orc priest, an adder (sleeping) and an orc.

Vanquished Creatures
  3 adders
  4 worms
  2 dart slugs (D:1)
  2 orcs (D:3)
  A ball python (D:3)
  2 giant cockroaches
  4 goblins
  5 hobgoblins
  7 jackals
  4 kobolds
  2 quokkas
  6 bats
  3 frilled lizards
  7 rats
52 creatures vanquished.

Notes
Turn   | Place    | Note
-------+----------+-------------------------------------------
     0 | D:1      | Asgardus the Deep Elf Conjurer began the quest for the Orb.
     0 | D:1      | Reached XP level 1. HP: 10/10 MP: 6/6
   397 | D:2      | Reached XP level 2. HP: 15/15 MP: 4/8
   400 | D:2      | Reached skill level 5 in Conjurations
   581 | D:1      | Reached XP level 3. HP: 19/19 MP: 2/9
  1522 | D:2      | Found a sacrificial altar of Ru.
  1714 | D:3      | Reached XP level 4. HP: 24/24 MP: 0/12
  1817 | D:3      | Learned a level 1 spell: Magic Dart
  1820 | D:3      | Learned a level 2 spell: Searing Ray
  1835 | D:3      | Found a runed translucent door.
  1844 | D:3      | Noticed a bullfrog
  1845 | D:3      | Noticed Peloso's ghost (amateur MiFi)
  1973 | D:3      | Found a shattered altar of Ashenzari.
  2097 | D:3      | Found an iron altar of Okawaru.
  2103 | D:3      | Found an ancient bone altar of Kikubaaqudgha.
  2112 | D:3      | Found a hazy altar of Hepliaklqana.
  2177 | D:3      | Killed from afar by an orc priest

Skill      XL: |  1  2  3 |
---------------+----------+-----
Conjurations   | 5 |  5.7
Spellcasting   | 4 |  4.4
Maces & Flails | |  0.4
Dodging        | |  2.4
Stealth        | |  2.4

Action                   |  1- 3 |  4- 6 || total
-------------------------+-------+-------++-------
Melee: Club              |    16 |       ||    16
 Cast: Magic Dart        |   102 |    24 ||   126
       Searing Ray       |       |     4 ||     4
  Use: Scroll            |     2 |     5 ||     7
       Potion            |     2 |     2 ||     4
  Eat: Ration            |     1 |       ||     1
Armor: Robe              |     4 |       ||     4
Dodge: Dodged            |    20 |       ||    20
